Map: Abyssal Reef LE

Players

Drunkenboi

  • Race: Terran Terran
  • Spawn Location: 11:00

SortOf - Winner!

  • Race: Zerg Zerg
  • Spawn Location: 5:00

Event: WCS Montreal 2017

VOD

Have the link to the VOD?

Description

Time

  • Played on: Sept. 8, 2017, 4:04 p.m.
  • Length: 17:07

All games in this series

Show
View Real Time Build Order
Export as new Build Order

Drunkenboi Terran 

Build Orders: Reaper Expand, MMM Bio, Banshee Rush 

Get SALT Encoding   

  12  0:00  SCV  
  13  0:12  SCV  
  14  0:17  Supply Depot  
  14  0:24  SCV  
  15  0:38  SCV  
  15  0:40  Barracks  
  16  0:44  Refinery  
  16  0:50  SCV  
  17  1:03  SCV  
  18  1:15  SCV  
  19  1:27  Orbital Command, Reaper  
  20  1:44  Command Center  
  20  1:53  Supply Depot  
  20  1:55  SCV  
  21  2:01  Barracks Reactor  
  21  2:07  SCV  
  22  2:10  Refinery  
  22  2:19  SCV  
  22  2:21  Factory  
  23  2:31  SCV  
  24  2:37  Marine x2  
  24  2:44  SCV  
  27  2:54  Bunker  
  27  2:55  Marine x2  
  27  2:56  SCV  
  27  2:57  Orbital Command  
  30  3:08  SCV  
  30  3:10  Starport  
  31  3:20  SCV  
  31  3:23  SCV, Barracks Tech Lab  
  33  3:28  Hellion x2  
  33  3:32  SCV  
  33  3:33  Supply Depot  
  38  3:35  SCV  
  39  3:44  SCV  
  39  3:48  SCV  
  41  3:52  Barracks Tech Lab  
  41  3:54  Raven, Hellion x2  
  47  3:56  SCV  
  47  3:58  Cloaking Field  
  47  4:00  SCV  
  49  4:09  SCV  
  46  4:12  SCV  
  40  4:21  SCV  
  38  4:25  Marauder  
  38  4:29  Cyclone  
  38  4:32  Cyclone  
  38  4:35  SCV  
  38  4:38  Supply Depot  
  42  4:40  SCV  
  43  4:47  SCV  
  43  4:52  SCV  
  43  4:59  SCV  
  43  5:04  Banshee, SCV  
  47  5:11  SCV  
  48  5:16  SCV  
  49  5:23  SCV  
  49  5:24  Command Center  
  50  5:29  Marine, Stimpack  
  50  5:31  SCV  
  52  5:36  SCV  
  53  5:45  Supply Depot, Factory Reactor  
  53  5:46  Supply Depot  
  53  5:48  SCV  
  54  6:01  SCV  
  54  6:02  Marine  
  54  6:04  Barracks  
  54  6:05  Barracks  
  54  6:06  Banshee  
  54  6:07  SCV  
  57  6:13  SCV  
  49  6:19  SCV  
  49  6:20  Marine  
  48  6:25  SCV  
  48  6:28  Barracks  
  48  6:30  Barracks  
  48  6:31  Factory Reactor, Engineering Bay  
  49  6:33  Engineering Bay  
  49  6:38  Marine  
  49  6:39  SCV x2  
  52  6:42  Refinery  
  52  6:44  Orbital Command, Refinery  
  52  6:55  Marine  
  52  6:56  Marine  
  52  6:57  SCV x2  
  52  7:00  Starport Reactor, Terran Infantry Weapons Level 1  
  56  7:01  Terran Infantry Armor Level 1  
  56  7:04  Marine x3  
  59  7:08  Widow Mine  
  59  7:09  Widow Mine  
  63  7:17  Barracks Reactor  
  63  7:18  SCV x2  
  63  7:21  Marine x2  
  67  7:26  Marine x2  
  67  7:28  Orbital Command, Marine  
  70  7:30  Combat Shields, SCV x2  
  72  7:38  Marine  
  72  7:39  Marine  
  72  7:41  Medivac x2  
  72  7:42  Supply Depot, SCV x2  
  80  7:44  Marine  
  85  7:57  Supply Depot  
  85  8:00  Supply Depot  
  85  8:03  Marine x3, SCV  
  85  8:04  Marauder  
  87  8:07  Factory, SCV x2  
  87  8:08  Barracks Tech Lab  
  87  8:09  Marine x2  
  87  8:11  Barracks  
  91  8:13  Medivac  
  91  8:19  Supply Depot, Medivac, SCV  
  96  8:20  Supply Depot  
  96  8:22  Armory, SCV  
  96  8:24  SCV  
  98  8:32  Concussive Shells  
  98  8:35  Marine x3  
  98  8:36  Marine x2, Marauder x2  
  98  8:41  Siege Tank  
  110  8:44  Supply Depot  
  110  8:45  SCV x2  
  110  8:46  SCV  
  113  8:49  Marine  
  113  8:53  Factory Tech Lab, Marine  
  113  8:54  Medivac  
  117  8:56  Medivac  
  117  8:57  Marine x2, SCV x2  
  117  8:58  Marine x2  
  125  9:09  Marine x3  
  126  9:10  Marauder  
  126  9:11  Marauder  
  126  9:14  SCV x3  
  131  9:23  Command Center  
  131  9:28  Medivac  
  133  9:32  Refinery  
  133  9:34  Refinery  
  133  9:35  Supply Depot x2  
  133  9:44  Terran Infantry Weapons Level 2  
  133  9:48  SCV x2, Terran Infantry Armor Level 2  
  133  9:52  Marine x2  
  131  9:53  Marine x7, SCV  
  131  9:54  Marine  
  130  10:04  Command Center  
  130  10:09  Siege Tank  
  130  10:10  Marine x2  
  130  10:11  Marine x2, Marauder  
  130  10:13  Siege Tank  
  142  10:25  Marine x5  
  142  10:28  Marine x2  
  149  10:33  Marine x2  
  148  10:36  Marauder  
  126  10:50  Marine  
  126  10:52  Siege Tank x2  
  126  10:55  Medivac x2, Marine x2  
  126  10:56  Marauder  
  122  10:57  Marine  
  122  11:03  Marine x2  
  123  11:09  Marine  
  123  11:10  Marine  
  125  11:15  Marine x3  
  128  11:24  Siege Tank, Marine  
  128  11:25  Medivac x2, Marine, Marauder  
  139  11:28  Marine x2  
  140  11:40  Marine  
  140  11:41  Marine  
  140  11:42  Marine x2  
  139  11:50  Supply Depot x4  
  139  11:57  Marine  
  139  11:59  Siege Tank, Marine  
  139  12:00  Siege Tank, Marauder x2  
  151  12:05  Planetary Fortress  
  151  12:10  Marine x2, Missile Turret  
  151  12:12  Marine  
  151  12:13  Liberator x2  
  154  12:17  Marine x2  
  152  12:32  Siege Tank  
  152  12:34  Unknown x2  
  152  12:36  Marine x3, Marauder  
  144  12:38  Marine  
  144  12:43  Siege Tank  
  144  12:44  Marine  
  149  12:51  Marine x2  
  145  13:03  Marine x2, Marauder  
  145  13:04  Marine  
  145  13:05  Marine x2  
  142  13:06  Marine  
  142  13:07  Marine  
  142  13:09  Marine x2  
  138  13:25  Marine x2  
  138  13:26  Siege Tank x2, Marauder  
  128  13:29  Marine  
  128  13:30  Marine  
  126  13:35  Marauder  
  125  13:41  Liberator x2  
  68  14:03  Siege Tank, Marine x2  
  68  14:04  Marauder  
  73  14:16  Marine x2  
  77  14:17  Marine x2, Marauder  
  77  14:18  Marine  
  77  14:19  Marine  
  81  14:27  Siege Tank  
  81  14:29  Marauder  
  86  14:42  Siege Tank  
  85  14:46  Medivac  
  85  14:47  Medivac  
  85  14:52  SCV x3  
  92  14:53  SCV  
  93  15:01  Marine x7  
  93  15:07  Supply Depot  
  100  15:28  Marine, Marauder  
  103  15:31  Siege Tank x2  
  103  15:32  SCV  
  103  15:33  SCV x3  
  113  15:36  Marine  
  113  15:37  Marauder  
  116  15:47  Medivac  
  116  15:48  Marine x7  
  116  15:49  Marine  
  126  15:54  Marine  
  123  15:57  Marine  
  122  16:05  Marine  
  122  16:06  Marine x2  
  122  16:09  Marine  
  122  16:10  Siege Tank, Marauder  
  122  16:11  Siege Tank  
  124  16:15  Unknown x3, Marine x4  
  124  16:16  Marine  
  113  16:23  Marine  
  100  16:27  Marine  
  57  16:44  Marine x3  
Show
View Real Time Build Order
Export as new Build Order

SortOf Zerg - Winner!

Build Orders: Pool First 

Get SALT Encoding   

  12  0:00  Drone  
  13  0:12  Overlord  
  13  0:17  Drone  
  14  0:30  Drone x2  
  14  0:35  Drone  
  17  0:45  Spawning Pool  
  17  0:48  Drone  
  17  0:56  Drone  
  18  1:11  Hatchery  
  18  1:14  Drone  
  18  1:18  Drone  
  19  1:23  Extractor  
  18  1:30  Drone  
  19  1:33  Queen  
  19  1:39  Zergling x2  
  22  1:50  Overlord  
  22  1:58  Roach Warren  
  21  2:13  Queen  
  23  2:17  Drone  
  23  2:18  Overlord  
  23  2:40  Roach x2  
  29  2:44  Roach x3  
  29  2:48  Roach  
  29  2:50  Drone  
  36  2:53  Drone  
  36  2:58  Overlord  
  37  3:02  Drone  
  38  3:11  Spore Crawler  
  37  3:15  Drone x2  
  37  3:18  Drone  
  41  3:23  Drone  
  41  3:25  Overlord  
  41  3:26  Drone  
  43  3:29  Drone  
  43  3:33  Ravager  
  45  3:35  Drone  
  45  3:39  Ravager  
  45  3:41  Drone  
  48  3:44  Drone x2  
  50  3:51  Extractor  
  50  3:53  Roach  
  50  3:54  Overlord  
  51  3:55  Drone  
  51  3:56  Drone  
  51  3:57  Extractor  
  51  4:00  Extractor  
  52  4:04  Drone x2  
  54  4:12  Drone  
  54  4:13  Drone  
  51  4:18  Drone x2  
  51  4:19  Extractor  
  50  4:26  Queen, Lair  
  53  4:32  Drone, Hatchery  
  53  4:34  Drone  
  53  4:36  Drone  
  53  4:37  Drone  
  56  4:44  Drone  
  57  4:48  Evolution Chamber  
  54  4:56  Drone x5  
  55  5:01  Extractor, Metabolic Boost  
  55  5:03  Queen  
  56  5:07  Zergling x6  
  56  5:08  Zergling x4  
  56  5:12  Drone  
  62  5:15  Zerg Ground Armor Level 1  
  62  5:21  Spore Crawler  
  61  5:24  Drone x2  
  61  5:25  Overseer  
  63  5:28  Drone x2  
  63  5:31  Spore Crawler, Queen  
  63  5:32  Overlord  
  63  5:35  Drone  
  67  5:39  Extractor  
  67  5:40  Glial Reconstitution  
  66  5:47  Roach x2  
  66  5:48  Zergling x4  
  66  5:49  Zergling x2  
  73  5:52  Zergling x2  
  73  5:53  Zergling x2  
  74  5:57  Overlord  
  74  5:59  Roach  
  76  6:05  Roach x3  
  82  6:17  Overlord x2  
  82  6:18  Overseer  
  76  6:30  Drone, Hatchery  
  76  6:31  Drone  
  76  6:32  Drone  
  77  6:36  Drone  
  77  6:37  Drone  
  79  6:43  Drone x3  
  79  6:44  Drone x2  
  79  6:46  Evolution Chamber  
  83  6:50  Drone  
  83  6:51  Drone  
  84  6:54  Evolution Chamber  
  84  6:56  Baneling Nest  
  84  6:58  Hydralisk Den  
  84  7:00  Drone x2  
  83  7:10  Drone x3  
  86  7:25  Drone x3  
  86  7:28  Zerg Ground Armor Level 2, Muscular Augments  
  89  7:30  Zerg Melee Weapons Level 1, Zergling x6  
  92  7:43  Hatchery  
  91  7:44  Overlord  
  91  7:46  Overlord  
  91  7:52  Overlord  
  91  7:54  Centrifical Hooks  
  91  7:55  Overlord  
  91  7:59  Extractor x2  
  91  8:00  Queen  
  91  8:01  Hydralisk x2  
  91  8:05  Overlord  
  95  8:08  Hydralisk x2  
  99  8:14  Hydralisk x2  
  103  8:27  Hydralisk x5  
  103  8:30  Overlord  
  103  8:32  Hydralisk  
  115  8:36  Drone x2  
  115  8:38  Ravager x3  
  120  8:43  Drone x3  
  120  8:47  Hydralisk  
  120  8:48  Hydralisk  
  127  8:50  Baneling x4  
  127  8:56  Drone x4  
  131  9:06  Drone x2  
  131  9:09  Drone  
  134  9:13  Hydralisk x5  
  144  9:20  Spore Crawler, Infestation Pit  
  144  9:21  Overlord  
  144  9:22  Zergling x2  
  144  9:23  Zergling x2  
  142  9:33  Baneling x4  
  142  9:34  Baneling x5  
  142  9:36  Overlord  
  142  9:42  Zergling x20  
  142  9:44  Overlord x2  
  151  9:56  Zergling x2  
  151  9:57  Zergling x18  
  158  10:06  Hive  
  158  10:07  Zerg Melee Weapons Level 2  
  158  10:08  Zergling x2  
  158  10:09  Zergling x8  
  158  10:10  Baneling x13  
  163  10:15  Zergling x6  
  163  10:20  Drone  
  167  10:24  Zergling x4  
  167  10:26  Baneling x3  
  169  10:31  Hatchery  
  154  10:47  Zergling x8  
  154  10:48  Zergling x8  
  155  10:52  Zergling x4  
  155  10:53  Zergling x14  
  155  10:56  Overlord  
  151  11:05  Drone x2  
  151  11:08  Overlord  
  150  11:28  Ultralisk Cavern, Zergling x2, Hydralisk x2  
  150  11:29  Roach, Zergling x18  
  165  11:33  Spore Crawler  
  164  11:40  Drone x2  
  164  11:41  Overlord, Drone  
  164  11:45  Drone x5  
  170  12:03  Baneling  
  170  12:04  Baneling x5  
  170  12:05  Baneling x4  
  170  12:07  Baneling x11  
  170  12:08  Baneling x3  
  170  12:11  Queen  
  170  12:13  Adrenal Glands  
  170  12:14  Chitinous Plating  
  172  12:16  Viper x2  
  176  12:29  Zergling x22  
  183  12:32  Zergling x6  
  183  12:33  Zergling x22  
  179  12:38  Zergling x4  
  179  12:43  Ultralisk x2  
  191  12:47  Baneling x3  
  191  12:48  Baneling x2  
  189  12:51  Zergling x16  
  189  12:56  Zergling x8  
  193  13:00  Baneling  
  193  13:01  Baneling x7  
  193  13:05  Zergling x8  
  197  13:06  Zergling x2  
  197  13:12  Baneling x6  
  174  13:26  Ultralisk, Zergling x12  
  174  13:27  Zergling x6  
  171  13:35  Zergling x6  
  156  13:53  Ultralisk x4, Zergling x2  
  156  13:54  Zergling x2  
  175  14:06  Viper  
  173  14:15  Hatchery, Overseer  
  172  14:19  Zergling x2  
  172  14:20  Zergling x6  
  176  14:31  Spire  
  170  14:50  Overlord x2, Zergling x4  
  170  14:52  Evolution Chamber x2  
  170  14:57  Baneling x16  
  170  15:00  Overlord x2  
  170  15:01  Overlord  
  170  15:02  Overlord x2  
  170  15:20  Zergling x36  
  188  15:27  Overseer  
  188  15:32  Zergling x18  
  197  15:39  Drone x2  
  199  15:52  Greater Spire  
  177  16:13  Zergling x40  
  192  16:24  Zergling x8  
  186  16:31  Zergling x4  
  186  16:32  Zergling x8  
  172  16:38  Zergling x2  
Tags
 
Add a new tag
Caveats
  • Supply blocks, unpowered buildings, or Contaminate may cause inaccurate times.
  • Supply counts are checked every 10 seconds.